 Dungeon Crawl Stone Soup version 0.30-a0-219-gf2db51d15e (webtiles) character file.

Game seed: 13730560658136376167

6805 funkygono the Geomancer (level 11, 0/57 HPs)
             Began as a Gargoyle Earth Elementalist on Oct 6, 2022.
             Was a Believer of Vehumet.
             Slain by a tengu warrior
             ... wielding a +0 battleaxe
              (15 damage)
             ... on level 10 of the Dungeon.
             The game lasted 00:18:51 (9477 turns).

funkygono the Geomancer (GrEE)                      Turns: 9477, Time: 00:18:52

Health: 0/57       AC: 14    Str: 12    XL:     11   Next: 5%
Magic:  18/24      EV: 13    Int: 20    God:    Vehumet [**....]
Gold:   548        SH:  0    Dex: 14    Spells: 15/28 levels left

rFire   . . .      SeeInvis .    u - +8 whip of the Loving Asp {protect, Fly Dex+4}
rCold   . . .      Faith    .    (no shield)
rNeg    + . .      Spirit   .    a - +0 robe
rPois   ∞          Reflect  .    r - +0 helmet
rElec   +          Harm     .    (no cloak)
rCorr   .          Rampage  .    e - +1 pair of gloves
Will    .....                    j - +0 pair of boots
Stlth   ++........               m - amulet of the acrobat
HPRegen 0.29/turn                (no ring)
MPRegen 0.19/turn                (no ring)

@: flying, studying Long Blades
A: sickness immunity, AC +8, negative energy resistance 1, electricity
resistance, torment resistance 1, petrification resistance
a: Renounce Religion


You were on level 10 of the Dungeon.
You worshipped Vehumet.
Vehumet was pleased with you.
You visited 1 branch of the dungeon, and saw 10 of its levels.

You collected 548 gold pieces.

Inventory:

Hand Weapons
 p - a +0 whip
 u - the +8 whip of the Loving Asp (weapon) {protect, Fly Dex+4}
   (You found it on level 4 of the Dungeon)

   It grants its wielder temporary protection when it strikes (+7 to AC).
   Dex:       It affects your dexterity (+4).
   Fly:       It grants you flight.
 w - a +4 mace of holy wrath
Armour
 a - a +0 robe (worn)
 e - a +1 pair of gloves (worn)
 j - a +0 pair of boots (worn)
 r - a +0 helmet (worn)
Jewellery
 m - an amulet of the acrobat (around neck)
Wands
 k - a wand of polymorph (7)
 y - a wand of iceblast (10)
 A - a wand of mindburst (8)
 C - a wand of acid (4)
Scrolls
 c - 2 scrolls of amnesia
 d - 8 scrolls of teleportation
 f - a scroll of brand weapon {unknown}
 h - 7 scrolls of identify
 x - a scroll of fear
 z - a scroll of magic mapping
Potions
 b - 3 potions of magic
 g - 4 potions of curing
 l - a potion of brilliance
 q - 2 potions of mutation
 t - a potion of might {unknown}
 v - a potion of heal wounds


   Skills:
 + Level 1.8 Fighting
 + Level 2.9 Maces & Flails
 + Level 3.1 Dodging
 - Level 2.1 Stealth
 + Level 9.3 Spellcasting
 + Level 7.3 Conjurations
 + Level 0.8 Transmutations
 + Level 5.5 Fire Magic
 + Level 10.8 Earth Magic


You had 15 spell levels left.
You knew the following spells:

 Your Spells              Type           Power      Damage    Failure   Level
a - Foxfire               Conj/Fire      100%       2x1d9     1%          1
b - Scorch                Fire           62%        2d8       1%          2
c - Flame Wave            Conj/Fire      35%        2d10      5%          4
d - Sandblast             Erth           100%       2d20      1%          1
e - Passwall              Tmut/Erth      26%        N/A       1%          2
f - Stone Arrow           Conj/Erth      90%        3d12      1%          3

Your spell library contained the following spells:

 Spells                   Type           Power      Damage    Failure   Level
 Magic Dart               Conj           100%       1d8       1%          1
 Static Discharge         Conj/Air       48%        2-4/arc   2%          2
 Petrify                  Tmut/Erth      32%        N/A       7%          4
 Slow                     Hex            36%        N/A       8%          1
 Wereblood                Tmut           12%        N/A       8%          2
 Mephitic Cloud           Conj/Pois/Air  19%        N/A       9%          3
 Poisonous Vapours        Pois/Air       18%        N/A       11%         2
 Confusing Touch          Hex            9%         N/A       22%         3
 Vampiric Draining        Necr           9%         2d6       22%         3
 Vhi's Electric Charge    Tloc/Air       18%        N/A       22%         3
 Irradiate                Conj/Tmut      12%        3d15      36%         5
 Arcjolt                  Conj/Air       12%        1d22      41%         5
 Lightning Bolt           Conj/Air       12%        1d25      41%         5
 Animate Dead             Necr           9%         N/A       58%         4
 Summon Cactus Giant      Summ           4%         N/A       100%        6
 Haunt                    Necr/Summ      4%         N/A       100%        7
 Summon Hydra             Summ           4%         N/A       100%        7
 Infestation              Necr           4%         N/A       100%        8
 Cigotuvi's Dreadful Rot  Necr/Pois/Air  Unusable   N/A       N/A         2
 Sublimation of Blood     Necr           Unusable   N/A       N/A         2

Dungeon Overview and Level Annotations

Branches:
Dungeon (10/15)            Temple (0/1) D:6            Lair (0/5) D:9
    Orc: D:9-12

Altars:
Ashenzari
Cheibriados
Fedhas
Hepliaklqana
Kikubaaqudgha
Makhleb
Nemelex Xobeh
Okawaru
Qazlal
Ru
Uskayaw
Vehumet
Wu Jian
Xom
Yredelemnul
The Shining One

Shops:
D:3 :   D:8 (

Annotations:
D:8 1 runed translucent door, Tenar's ghost, novice FoFi


Innate Abilities, Weirdness & Mutations

You are immune to sickness and miasma.
Your stone body is resilient. (AC +8)
You are immune to poison.
You resist negative energy. (rN+)
You are resistant to electric shocks. (rElec)
You are resistant to unholy torment.
You are immune to petrification.


Message History

Vehumet accepts your kill.
You feel your power returning.
The tengu warrior hits you but does no damage.
The tengu warrior closely misses you. The tengu warrior barely misses you.
The tengu warrior hits you with a +0 battleaxe.
* * * LOW HITPOINT WARNING * * *
The tengu warrior pecks you but does no damage.
The tengu warrior claws you but does no damage.
You have reached level 11!
You feel much better.
The tengu warrior hits you with a +0 battleaxe!
* * * LOW HITPOINT WARNING * * *
The tengu warrior pecks you.
* * * LOW HITPOINT WARNING * * *
The tengu warrior closely misses you.
The tengu warrior attacks as you move away!
The tengu warrior hits you but does no damage.
The tengu warrior pecks you.
* * * LOW HITPOINT WARNING * * *
The tengu warrior misses you.
Casting: Sandblast (safe; 1% risk of failure)
Confirm with . or Enter, or press ? or * to list all spells.
You aren't next to any passable walls.
Casting: Passwall (safe; 1% risk of failure)
Confirm with . or Enter, or press ? or * to list all spells.
Aiming: Stone Arrow (safe; 1% risk of failure)
Press: ? - help, Shift-Dir - straight line, f - tengu warrior
Aim: a tengu warrior, wielding a +0 battleaxe and wearing a +0 ring mail (57% to hit)
The stone arrow misses the tengu warrior.
The tengu warrior misses you. The tengu warrior barely misses you.
The tengu warrior claws you but does no damage.
Casting: Stone Arrow (safe; 1% risk of failure)
Confirm with . or Enter, or press ? or * to list all spells.
Aiming: Stone Arrow (safe; 1% risk of failure)
Press: ? - help, Shift-Dir - straight line, f/p - tengu warrior
Aim: a tengu warrior, wielding a +0 battleaxe and wearing a +0 ring mail (57% to hit)
The stone arrow hits the tengu warrior!!
The tengu warrior is moderately wounded.
The tengu warrior hits you with a +0 battleaxe!
You die...

###........#.##.#
..............#.#
............##(#
#####..#######..## ##
#................##[.
#...).............###
#............####..#.
#...Q...........#....
#...@...#.......#....
#.......#....#######.
#.......#....#......#
#.......#....#......#
#.......#..###..#####
#....#..#.......#....
#....#..#.......#....
#....####..######....
.....# #...#


You could see a tengu warrior.

Vanquished Creatures
  2 two-headed ogres
  A troll (D:8)
  A hornet (D:10)
  Sigmund (D:3)
  A vampire (D:10)
  A wyvern (D:10)
  A shadow (D:9)
  9 yaks
  A steam dragon (D:10)
  2 water moccasins
  2 orc warriors
  2 ice beasts (D:6)
  2 black bears
  A sky beast (D:6)
  2 ogres
  3 centaurs
  A phantom (D:5)
  3 kobold brigands (D:9)
  A necrophage (D:8)
  A bullfrog (D:8)
  3 scorpions
  5 wights (D:6)
  A howler monkey (D:4)
  3 hounds
  4 orc priests
  A gnoll bouda (D:8)
  2 jellies (D:5)
  5 iguanas
  10 orc wizards
  Robin (D:3)
  16 gnolls
  12 adders
  An ufetubus (D:6)
  2 worms (D:2)
  A dart slug (D:5)
  28 orcs
  10 bats
  3 endoplasms (D:2)
  7 giant cockroaches
  21 goblins
  10 hobgoblins
  3 jackals (D:3)
  19 kobolds
  4 quokkas
  6 ball pythons
  2 rats
218 creatures vanquished.

Vanquished Creatures (others)
  86 foxfires
  20 plants
106 creatures vanquished.

Grand Total: 324 creatures vanquished

Notes
Turn   | Place    | Note
-------+----------+-------------------------------------------
     0 | D:1      | funkygono the Gargoyle Earth Elementalist began the quest
                  | for the Orb.
     0 | D:1      | Reached XP level 1. HP: 10/10 MP: 3/3
   295 | D:1      | Reached XP level 2. HP: 15/15 MP: 3/5
   340 | D:1      | Learned a level 2 spell: Passwall
   390 | D:1      | Found a faded altar of an unknown god.
   572 | D:1      | Reached skill level 4 in Earth Magic
   949 | D:2      | Reached XP level 3. HP: 19/19 MP: 5/7
   953 | D:2      | Learned a level 3 spell: Stone Arrow
  1597 | D:3      | Found a basalt altar of Yredelemnul.
  1598 | D:3      | Found a blossoming altar of Fedhas.
  1598 | D:3      | Found an ancient bone altar of Kikubaaqudgha.
  1607 | D:3      | Reached XP level 4. HP: 24/24 MP: 4/8
  1661 | D:3      | Found a stormy altar of Qazlal.
  1739 | D:3      | Reached skill level 1 in Conjurations
  1837 | D:3      | Found Minen's Book Shoppe.
  1838 | D:3      | Noticed Sigmund
  1842 | D:3      | Killed Sigmund
  1843 | D:3      | Reached skill level 5 in Earth Magic
  1843 | D:3      | Reached XP level 5. HP: 9/28 MP: 4/10
  1843 | D:3      | Reached XP level 6. HP: 10/32 MP: 4/11
  2076 | D:3      | Found a burning altar of Makhleb.
  2076 | D:3      | Noticed a cacodemon
  2641 | D:3      | Noticed Robin
  2644 | D:3      | Killed Robin
  2869 | D:3      | Found an ornate altar of the Wu Jian Council.
  3079 | D:3      | Learned a level 2 spell: Scorch
  3084 | D:3      | Learned a level 4 spell: Flame Wave
  3186 | D:4      | Noticed a black bear
  3203 | D:4      | Killed a black bear
  3204 | D:4      | Reached skill level 6 in Earth Magic
  3204 | D:4      | Reached XP level 7. HP: 36/36 MP: 7/14
  3342 | D:4      | Reached skill level 5 in Spellcasting
  3411 | D:4      | Reached skill level 1 in Fire Magic
  3696 | D:4      | Found a hazy altar of Hepliaklqana.
  3864 | D:4      | Identified the +8 whip of the Loving Asp {protect, Fly
                  | Dex+4}
  4198 | D:5      | Entered Level 5 of the Dungeon
  4211 | D:5      | Reached XP level 8. HP: 41/41 MP: 12/16
  4267 | D:5      | Reached skill level 7 in Earth Magic
  4409 | D:5      | Found a hide-covered altar of Uskayaw.
  4648 | D:5      | Reached skill level 1 in Maces & Flails
  4828 | D:6      | Found a glowing golden altar of the Shining One.
  4981 | D:6      | Found an iron altar of Okawaru.
  4983 | D:6      | Found a radiant altar of Vehumet.
  4992 | D:6      | Found a broken altar of Ashenzari.
  4999 | D:6      | Found a shimmering altar of Xom.
  5003 | D:6      | Became a worshipper of Vehumet
  5178 | D:6      | Found a sacrificial altar of Ru.
  5195 | D:6      | Reached skill level 8 in Earth Magic
  5321 | D:6      | Reached XP level 9. HP: 46/46 MP: 13/18
  5367 | D:6      | Reached skill level 5 in Conjurations
  5593 | D:6      | Found a staircase to the Ecumenical Temple.
  5983 | D:6      | Reached skill level 1 in Fighting
  6688 | D:7      | Reached * piety under Vehumet
  6688 | D:7      | Offered knowledge of Foxfire by Vehumet.
  6907 | D:8      | Found a runed translucent door.
  6911 | D:8      | Reached skill level 9 in Earth Magic
  7064 | D:8      | Found a snail-covered altar of Cheibriados.
  7223 | D:8      | Reached XP level 10. HP: 46/52 MP: 17/21
  7473 | D:8      | Found Weodgh's Antique Weapon Shoppe.
  7749 | D:8      | Identified the +4 trident of Harmony {antimagic, Str+2
                  | SInv}
  7751 | D:8      | Noticed Tenar's ghost (novice FoFi)
  7882 | D:8      | Learned a level 1 spell: Foxfire
  7926 | D:9      | Offered knowledge of Magic Dart by Vehumet.
  7928 | D:9      | Reached ** piety under Vehumet
  7939 | D:8      | Reached skill level 10 in Earth Magic
  8284 | D:9      | Found a sparkling altar of Nemelex Xobeh.
  8309 | D:9      | Noticed a two-headed ogre
  8314 | D:9      | Killed a two-headed ogre
  8315 | D:9      | Reached skill level 5 in Fire Magic
  8665 | D:9      | Found a staircase to the Lair.
  8786 | D:10     | Entered Level 10 of the Dungeon
  9161 | D:10     | Noticed a purple ugly thing
  9172 | D:10     | Noticed a tengu warrior
  9188 | D:10     | Noticed a boulder beetle
  9199 | D:10     | Noticed an entropy weaver
  9206 | D:10     | Noticed a two-headed ogre
  9207 | D:10     | Noticed a wizard
  9473 | D:10     | Killed a two-headed ogre
  9473 | D:10     | HP: 1/53 [tengu warrior/+0 battleaxe (5)]
  9474 | D:10     | Reached XP level 11. HP: 1/57 MP: 24/24
  9477 | D:10     | Slain by a tengu warrior

Illustrated notes

Levels and vault maps discovered:
D:1:      sevenhm_arrival_forest_fort_small_5, layout_basic,
          ebering_ecumenical_altar_rust
D:2:      layout_basic, hangedman_feature_mirror
D:3:      kennysheep_goblin_castle, layout_basic, makhleb_altar_promises_db,
          nicolae_wu_jian_immortal_techniques, grunt_temple_overflow_open,
          serial_shops, shop_fountains, minmay_fountain_box, uniq_sigmund
D:4:      layout_cave_pods, overflow_temple_1_default
D:5:      layout_basic, mainiacjoe_overflow_paths
D:6:      layout_gridville, nicolae_overflow_quartered_altars,
          mainiacjoe_overflow_cross_hatched, mainiacjoe_overflow_boulevard,
          temple_hall, feat_on_display
D:7:      layout_basic, nicolae_lava_and_water
D:8:      layout_loops_cross, lemuel_round_altar, ebering_ghost_funeral_grove,
          serial_shops, shop, minmay_misc_feat_plants
D:9:      layout_rooms, marbit_many_paths, lair_entry_dummy
D:10:     layout_grid_maze, minmay_fractal_squares_gapless_7

Skill      XL: |  1  2  3  4  5  6  7  8  9 10 |
---------------+-------------------------------+-----
Earth Magic    | 4 5 6 8 9 10 | 10.8
Spellcasting   | 3 4 5 6 7 9 |  9.3
Conjurations   | 2 3 4 6 7 |  7.3
Fire Magic     | 1 2 4 5 |  5.5
Maces & Flails | 1 2 |  2.9
Dodging        | 2 3 |  3.1
Fighting       | 1 |  1.8
Stealth        | |  2.1
Transmutations | |  0.8

Action                   |  1- 3 |  4- 6 |  7- 9 | 10-12 || total
-------------------------+-------+-------+-------+-------++-------
Melee: Unarmed           |     5 |       |       |       ||     5
       Club              |    10 |       |       |       ||    10
       Flail             |       |    25 |    10 |       ||    35
       Whip              |       |       |    69 |    40 ||   109
 Cast: Sandblast         |    48 |    66 |   148 |    43 ||   305
       Stone Arrow       |       |     1 |     2 |     8 ||    11
       Foxfire           |       |       |       |    52 ||    52
       Scorch            |       |       |       |     2 ||     2
  Use: Scroll            |       |    13 |     8 |     2 ||    23
       Potion            |       |       |     1 |     1 ||     2
Armor: Robe              |    15 |    24 |    68 |    30 ||   137
Dodge: Dodged            |    20 |    47 |    79 |    45 ||   191

Table legend: (Time is in decaauts)
 A = Elapsed time spent in this place.
 B = Non-inter-level travel time spent in this place.
 C = Inter-level travel time spent in this place.
 D = Time resting spent in this place.
 E = Time spent auto-exploring this place.
 F = Levels seen in this place.
 G = Mean time per level.
                   A        B        C        D        E       F      G
               +--------+--------+--------+--------+--------+-----+--------+
         Total |   9648 |   9360 |    288 |    369 |   7079 |  10 |  964.8 |
       Dungeon |   9648 |   9360 |    288 |    369 |   7079 |  10 |  964.8 |
               +--------+--------+--------+--------+--------+-----+--------+

Top non-repeatable levels by time:
     D:3: 1550 daAuts
     D:6: 1532 daAuts
     D:8: 1268 daAuts
     D:4: 1115 daAuts
     D:2: 836 daAuts
     D:1: 787 daAuts
    D:10: 695 daAuts
     D:9: 638 daAuts
     D:5: 636 daAuts
     D:7: 587 daAuts
